 Dungeon Crawl Stone Soup version 0.27-a0-684-g359e429f13 (webtiles) character file.

Game seed: 4387025806730804648

147 Gaff the Slinger (level 5, -4/34 HPs)
             Began as a Halfling Hunter on Mar 20, 2021.
             Was an Initiate of Gozag.
             Slain by a gnoll
             ... wielding a +0 spear
              (9 damage)
             ... on level 3 of the Dungeon.
             The game lasted 00:09:37 (4122 turns).

Gaff the Slinger (Halfling Hunter)                  Turns: 4122, Time: 00:09:38

Health: -4/34      AC:  3    Str: 13    XL:     5   Next: 54%
Magic:  5/5        EV: 15    Int:  9    God:    Gozag
Gold:   293        SH:  0    Dex: 16    Spells: 4/4 levels left

rFire    + . .     SeeInvis +   b - +0 short sword
rCold    . . .     Faith    .   (shield restricted)
rNeg     . . .     Spirit   .   c - +0 leather armour
rPois    .         Reflect  .   (no helmet)
rElec    .         Harm     .   (no cloak)
rCorr    .         Rampage  .   (no gloves)
Will     .....                  (no boots)
Stlth    ++........             (no amulet)
HPRegen  0.11/turn              g - ring of protection from fire
MPRegen  0.09/turn              m - ring of see invisible

@: no status effects
A: small, no large weapons, mutation resistance 1
a: Renounce Religion, Potion Petition, Call Merchant, Bribe Branch


You were on level 3 of the Dungeon.
You worshipped Gozag.
Gozag was aware of your devotion.
You visited 1 branch of the dungeon, and saw 3 of its levels.

You collected 319 gold pieces.
You paid 26 gold pieces to Gozag.

Inventory:

Hand Weapons
 a - a +1 hunting sling
 b - a +0 short sword (weapon)
Missiles
 d - 16 sling bullets
 f - 94 stones (quivered)
 h - 18 poisoned darts
 p - 4 atropa-tipped darts
Armour
 c - a +0 leather armour (worn)
Jewellery
 g - a ring of protection from fire (right hand)
 k - a ring of resist corrosion
 m - a ring of see invisible (left hand)
 v - a +4 ring of protection
Scrolls
 e - a scroll of fear {unknown}
 n - a scroll of magic mapping {unknown}
 o - a scroll of identify {unknown}
 s - a scroll of blinking
 u - a scroll of teleportation {unknown}
 w - a scroll of silence {unknown}
Potions
 i - 4 potions of heal wounds {unknown}
 j - a potion of haste {unknown}
 l - 3 potions of invisibility {unknown}
 q - a potion of cancellation {unknown}
 r - a potion of attraction {unknown}
 t - a potion of brilliance {unknown}


   Skills:
 - Level 1.7 Fighting
 * Level 8.0 Slings
 + Level 3.2 Dodging
 + Level 2.9 Stealth


You had 4 spell levels left.
You didn't know any spells.
Your spell library contained the following spells:

 Spells                   Type           Power      Damage    Failure   Level
 Animate Skeleton         Necr           0%         N/A       45%         1
 Apportation              Tloc           0%         N/A       45%         1
 Corona                   Hex            0%         N/A       45%         1
 Summon Small Mammal      Summ           0%         N/A       45%         1


Dungeon Overview and Level Annotations

Branches:
Dungeon (3/15)

Altars:
Elyvilon
Gozag
Kikubaaqudgha
Ru
Sif Muna


Innate Abilities, Weirdness & Mutations

You are small and have problems with some larger weapons.
You are somewhat resistant to further mutation.


Message History

There is a stone staircase leading down here.
You climb downwards.
There is a stone staircase leading up here.
a - a +1 hunting sling (weapon)
The gnoll shouts!
You shoot a stone. The stone hits the gnoll!
The gnoll is heavily wounded.
You shoot a stone. The stone closely misses the gnoll.
The gnoll misses you.
b - a +0 short sword (weapon)
You hit the gnoll.
The gnoll is heavily wounded.
The gnoll hits you with a +0 spear.
You barely miss the gnoll.
The gnoll is heavily wounded.
The gnoll hits you with a +0 spear!
You barely miss the gnoll.
The gnoll is heavily wounded.
The gnoll barely misses you.
You hit the gnoll but do no damage.
The gnoll is heavily wounded.
The gnoll misses you.
You hit the gnoll.
The gnoll is severely wounded.
The gnoll hits you with a +0 spear!
* * * LOW HITPOINT WARNING * * *
The gnoll misses you.
You hit the gnoll.
The gnoll is almost dead.
The gnoll hits you with a +0 spear.
* * * LOW HITPOINT WARNING * * *
You closely miss the gnoll.
The gnoll is almost dead.
The gnoll hits you with a +0 spear.
* * * LOW HITPOINT WARNING * * *
You barely miss the gnoll.
The gnoll is almost dead.
The gnoll hits you with a +0 spear!
You die...
Your body crumbles into a pile of gold.

#.###..................##)....#
#g##....................#......
#.#.....................#......
#.......................#......
#.......................#......
#.#.....................#.....#
#.##....................#.....#
#.###..(...............#####..#
#.# ##........@.......#######.#
###.#####(......g......###.......
#........(............## #.......
#.........(..(..(....## #.......
#..........#..(.....## #######.
#..........##......## ##
#..........###..(.## #
#..........# ##..################
#..........# #.(.$ยง...8#8.......


You could see a gnoll.

Vanquished Creatures
  2 gnolls
  6 adders
  An ooze (D:3)
  A worm (D:2)
  A dart slug (D:1)
  3 leopard geckos
  2 orcs
  4 bats (D:1)
  4 giant cockroaches
  8 goblins
  6 hobgoblins
  9 jackals
  2 frilled lizards (D:3)
  4 kobolds
  5 rats
58 creatures vanquished.

Notes
Turn   | Place    | Note
-------+----------+-------------------------------------------
     0 | D:1      | Gaff the Halfling Hunter began the quest for the Orb.
     0 | D:1      | Reached XP level 1. HP: 14/14 MP: 1/1
    73 | D:1      | Reached skill level 6 in Slings
   109 | D:1      | Reached XP level 2. HP: 12/19 MP: 2/2
   899 | D:1      | Reached XP level 3. HP: 23/24 MP: 3/3
  1258 | D:2      | Found an opulent altar of Gozag.
  1265 | D:2      | Became a worshipper of Gozag Ym Sagoz the Greedy
  1614 | D:2      | Reached skill level 7 in Slings
  1767 | D:2      | Reached XP level 4. HP: 29/29 MP: 4/4
  3138 | D:3      | Found a sacrificial altar of Ru.
  3138 | D:3      | Found a shimmering blue altar of Sif Muna.
  3139 | D:3      | Found a white marble altar of Elyvilon.
  3198 | D:3      | Found an ancient bone altar of Kikubaaqudgha.
  3313 | D:3      | Reached XP level 5. HP: 34/34 MP: 5/5
  4067 | D:2      | Reached skill level 8 in Slings
  4122 | D:3      | Slain by a gnoll

Illustrated notes

Levels and vault maps discovered:
D:1:      matt_arrival_diagonals, layout_basic, supply_closet_lemuel,
          minmay_misc_feat_enclosed
D:2:      minmay_chambers_of_ones, layout_loops_ring, overflow_temple_1_default
D:3:      wander_river, layout_basic, nicolae_overflow_quartered_altars

Skill      XL: |  1  2  3  4  5 |
---------------+----------------+-----
Slings         | 6 7 8 |  8.0
Stealth        | 2 |  2.9
Dodging        | 3 |  3.2
Fighting       | |  1.7

Action                   |  1- 3 |  4- 6 || total
-------------------------+-------+-------++-------
Melee: Short sword       |   103 |   105 ||   208
 Fire: Hunting sling     |    10 |    42 ||    52
  Use: Scroll            |       |     1 ||     1
 Stab: Sleeping          |     3 |     5 ||     8
Armor: Leather armour    |    26 |     6 ||    32
Dodge: Dodged            |    88 |    81 ||   169

Table legend: (Time is in decaauts)
 A = Elapsed time spent in this place.
 B = Non-inter-level travel time spent in this place.
 C = Inter-level travel time spent in this place.
 D = Time resting spent in this place.
 E = Time spent auto-exploring this place.
 F = Levels seen in this place.
 G = Mean time per level.
                   A        B        C        D        E       F      G
               +--------+--------+--------+--------+--------+-----+--------+
         Total |   4131 |   3910 |    221 |   1338 |   1310 |   3 | 1377.0 |
       Dungeon |   4131 |   3910 |    221 |   1338 |   1310 |   3 | 1377.0 |
               +--------+--------+--------+--------+--------+-----+--------+

Top non-repeatable levels by time:
     D:2: 1392 daAuts
     D:1: 1387 daAuts
     D:3: 1351 daAuts
